AoeStats
← M@nqu!to

Nomad

505595282Analyzed
2v2 RM · 21d ago on Sep 10, 2026· 29m 24s· 4 players
Game mode
Random Map
Map size
176×176
Population
200
Speed
Normal
Resources
Standard
Victory
Conquest
Starting age
Dark Age
Ending age
Imperial Age
RankedLock teamsTeams togetherTeam positionsShared explorationLock speedFull tech treeHidden civsTurbo modeCheats
Victory
Defeat
🇵🇪 Huns · Peru
1259
+13
🇵🇪 Jurchens · Peru
1222
+15
🇲🇽 Berbers · Mexico
1222
-15
🇳🇿 Poles · New Zealand
1179
-13
Exori
5:22 Loom
15:33 Feudal Age
17:19 Double-Bit Axe
20:39 Castle Age
19:04 Bloodlines
19:04 Scale Barding Armor
18:49 Fishing Lines
19:41 Forging
19:39 Horse Collar
23:14 Wheelbarrow
27:38 Town Watch
Bongo12
15:16 Feudal Age
15:51 Double-Bit Axe
23:15 Castle Age
21:38 Horse Collar
22:17 Bloodlines
21:56 Fishing Lines
23:20 Light Cavalry
24:55 Husbandry
25:10 Fletching
26:09 Gillnets
26:37 Bodkin Arrow
27:47 Bow Saw
29:29 Loom
M@nquito 2.0
7:00 Loom
15:00 Feudal Age
19:01 Castle Age
17:58 Double-Bit Axe
18:42 Fletching
18:55 Gold Mining
20:00 Bodkin Arrow
22:44 Padded Archer Armor
24:18 Leather Archer Armor
27:09 Ballistics
M@nqu!to
5:31 Loom
13:56 Feudal Age
15:09 Double-Bit Axe
16:44 Town Watch
20:29 Castle Age
22:02 Pikeman
Connection lost

Rejoining the realm…

Still unreachable

The connection could not be restored.

Session expired

The server has moved on; the page needs a fresh start.